 Dungeon Crawl Stone Soup version 0.25-a0-1137-g7f6bfe439b (webtiles) character file.

Game seed: 9276938621746508575, levelgen mode: deterministic

52840 vurker the Frost Mage (level 13, -5/111 HPs)
             Began as a Demigod Ice Elementalist on May 23, 2020.
             Slain by Jorgrun
             ... wielding a +0 vorpal quarterstaff
              (12 damage)
             ... on level 12 of the Dungeon.
             The game lasted 01:02:33 (33618 turns).

vurker the Frost Mage (Demigod Ice Elementalist)   Turns: 33618, Time: 01:02:34

Health: -5/111     AC: 11    Str: 11    XL:     13   Next: 96%
Magic:  26/31      EV: 18    Int: 33    God:
Gold:   1699       SH: 11    Dex: 19    Spells: 20/32 levels left

rFire    . . .     SeeInvis .   a - +4 demon blade (flame)
rCold    . . .     Gourm    .   G - +0 kite shield
rNeg     . . .     Faith    .   g - +0 troll leather armour
rPois    .         Spirit   .   R - +1 helmet
rElec    .         Reflect  .   z - +2 cloak
rCorr    .         Harm     .   E - +1 pair of gloves {Dex+3}
MR       +....                  (no boots)
Stlth    ++........             (no amulet)
HPRegen  0.68/turn              L - +4 ring of evasion
MPRegen  0.22/turn              l - +6 ring of intelligence

@: grasped by roots, frozen ramparts, constricted
A: high mp 1
a: no special abilities


You were on level 12 of the Dungeon.
You were hungry.

You visited 3 branches of the dungeon, and saw 20 of its levels.

You collected 2106 gold pieces.
You spent 407 gold pieces at shops.

Inventory:

Hand Weapons
 a - a +4 demon blade of flaming (weapon)
   (You found it on level 6 of the Lair of Beasts)
Armour
 g - a +0 troll leather armour (worn)
   (You found it on level 2 of the Orcish Mines)
 y - a +2 leather armour of cold resistance
   (You took it off an orc on level 2 of the Orcish Mines)
 z - a +2 cloak (worn)
   (You found it on level 8 of the Dungeon)
 B - a +2 leather armour of fire resistance
   (You found it on level 8 of the Dungeon)
 E - a +1 pair of gloves of dexterity (worn)
   (You found it on level 1 of the Lair of Beasts)
 G - a +0 kite shield (worn)
   (You found it on level 6 of the Dungeon)
 R - a +1 helmet (worn)
   (You bought it in a shop on level 2 of the Orcish Mines)
Jewellery
 l - a +6 ring of intelligence (right hand)
   (You found it on level 1 of the Dungeon)
 I - an uncursed ring of positive energy
   (You found it on level 1 of the Dungeon)
 L - a +4 ring of evasion (left hand)
   (You found it on level 6 of the Lair of Beasts)
 N - an uncursed ring of protection from cold
   (You found it on level 3 of the Lair of Beasts)
Wands
 c - a wand of disintegration (11)
   (You found it on level 3 of the Lair of Beasts)
 d - a wand of iceblast (15)
   (You found it on level 3 of the Dungeon)
 k - a wand of polymorph (11)
   (You found it on level 4 of the Dungeon)
 t - a wand of flame (30)
   (You found it on level 2 of the Lair of Beasts)
 v - a wand of digging (9)
   (You found it on level 6 of the Dungeon)
 x - a wand of acid (5)
   (You found it on level 1 of the Lair of Beasts)
 P - a wand of enslavement (6)
   (You found it on level 4 of the Lair of Beasts)
Scrolls
 f - 8 scrolls of teleportation
 h - 4 scrolls of immolation
 j - 3 scrolls of amnesia
 n - 6 scrolls of magic mapping
 o - 4 scrolls of fear
 p - 12 scrolls of remove curse
 r - a scroll of fog
 C - a scroll of enchant armour
 F - 2 scrolls of vulnerability
 J - a scroll of identify
 Q - a scroll of blinking
Potions
 i - 5 potions of curing
 m - 2 potions of brilliance
 q - 2 potions of haste
 s - 4 potions of heal wounds
 w - 3 potions of lignification
 A - a potion of mutation
 D - 2 potions of flight
 H - a potion of magic
 K - 3 potions of ambrosia
 M - a potion of resistance
 O - a potion of invisibility
Comestibles
 b - 13 chunks of flesh
 e - 29 rations


   Skills:
 + Level 9.6 Fighting
 * Level 3.9 Long Blades
 + Level 8.7 Dodging
 - Level 1.7 Stealth
 * Level 8.4 Shields
 + Level 10.1 Spellcasting
 * Level 13.6 Ice Magic


You had 20 spell levels left.
You knew the following spells:

 Your Spells              Type           Power        Failure   Level  Hunger
a - Freeze                Ice            ####         1%          1    None
b - Frozen Ramparts       Ice            ######       1%          3    None
c - Hailstorm             Conj/Ice       ######..     5%          4    None
d - Summon Ice Beast      Ice/Summ       ######..     5%          4    None

Your spell library contained the following spells:

 Spells                   Type           Power        Failure   Level  Hunger
 Ozocubu's Armour         Chrm/Ice       ######..     1%          3    None
 Pain                     Necr           ###.         9%          1    None


Dungeon Overview and Level Annotations

Branches:
Dungeon (12/15)            Temple (0/1) D:7            Lair (6/6) D:9
 Shoals (0/4) Lair:4       Spider (0/4) Lair:3        Slime (0/5) Lair:5
    Orc (2/2) D:11            Elf (0/3) Orc:2

Shops:
D:4 (   Orc:2 *[:(

Annotations:
D:12 Jorgrun
Orc:2 3 runed translucent doors, PIKKUHERKKO's ghost, journeyman DsGl


Innate Abilities, Weirdness & Mutations

You have an increased reservoir of magic. (+10% MP)


Message History

Something barely misses your ice beast.
The wall freezes Jorgrun.
You block Jorgrun's attack.
Your ice beast hits Jorgrun but does no damage.
Your shield prevents you from hitting Jorgrun.
Something bites your ice beast! Something pecks your ice beast.
Something barely misses your ice beast.
The wall freezes Jorgrun!
Jorgrun hits you with a +0 vorpal quarterstaff!
Your ice beast hits Jorgrun.
Your ice beast freezes Jorgrun!
You miss Jorgrun.
Something completely misses your ice beast.
Something pecks your ice beast!
Something claws your ice beast but does no damage.
The wall freezes Jorgrun.
Jorgrun hits you with a +0 vorpal quarterstaff.
Your ice beast hits Jorgrun.
Your ice beast freezes Jorgrun!
Something bites your ice beast.
Your ice beast dies!
You miss Jorgrun.
The wall freezes Jorgrun.
Jorgrun completely misses you.
You riposte.
You hit Jorgrun. You burn Jorgrun. You barely miss Jorgrun.
The wall freezes Jorgrun.
Jorgrun hits you with a +0 vorpal quarterstaff!
The wall freezes the hippogriff.
You kill the hippogriff!
You slash Jorgrun! You burn Jorgrun.
The wall freezes Jorgrun.
Jorgrun points at you and mumbles some strange words.
Roots burst forth from the earth!
The grasping roots grab you! The grasping roots constrict you!
You barely miss Jorgrun.
The wall freezes Jorgrun!
Jorgrun casts a spell at you.
The wall shatters!
The blast of rock fragments hits you!!
* * * LOW HITPOINT WARNING * * *
* * * LOW HITPOINT WARNING * * *
The grasping roots constrict you.
The wall freezes Jorgrun!
Jorgrun gestures at you while chanting. You resist with significant effort.
* * * LOW HITPOINT WARNING * * *
The grasping roots constrict you.
Aim: Jorgrun, wielding a +0 vorpal quarterstaff and wearing a +0 robe (severely wounded)
The bolt of acid hits Jorgrun!
Jorgrun is splashed with acid.
The wall freezes Jorgrun.
Jorgrun points at you and mumbles some strange words.
The iron shot misses you.
* * * LOW HITPOINT WARNING * * *
The grasping roots constrict you!
You slash Jorgrun! You burn Jorgrun.
The wall freezes Jorgrun.
Jorgrun hits you with a +0 vorpal quarterstaff!
* * * LOW HITPOINT WARNING * * *
* * * LOW HITPOINT WARNING * * *
You die...

..?. #.........### !....
#...........## .....
###...>.....#..# ......
#.....[.....##.#
......####.#.........##.##
#..
.....†...........^...##..#
#..
.....†.)†..#############..
... ......##g### ##^
........ ##@# ## #.####
##.# ...## ####.#
#..#####...#.#
######<##......###
#........#......#
#........#.._...#
#........#......#
#...............#


You could see Jorgrun.

Vanquished Creatures
  An orc warlord (Orc:2)
  A catoblepas (Lair:6)
  2 death yaks (Lair:5)
  A two-headed ogre (D:12)
  An orc high priest (Orc:2)
  Sonja (Lair:5)
  Nergalle (D:12)
  An unseen horror (D:10)
  Pikel (D:7)
  2 orc knights (Orc:2)
  7 orc sorcerers
  An ugly thing (D:11)
  A necromancer (Lair:3)
  4 elephants (Lair:5)
  A black mamba (Lair:4)
  22 spiny frogs
  A torpor snail (Lair:5)
  2 rime drakes
  7 komodo dragons
  A troll (Orc:2)
  3 tyrant leeches (Lair:6)
  5 blink frogs
  6 hippogriffs
  A redback (Lair:3)
  A basilisk (Lair:4)
  12 yaks
  A steam dragon (D:6)
  4 vampire mosquitoes
  5 wargs
  Duvessa (D:7)
  8 water moccasins
  An ice beast (D:11)
  26 orc warriors
  7 porcupines
  4 black bears
  4 sky beasts
  An elephant zombie (Lair:3)
  A slave (D:7)
  A necrophage (D:8)
  12 centaurs
  6 wolves
  10 ogres
  9 crocodiles
  3 big kobolds
  12 bullfrogs
  2 gnoll sergeants
  Dowan (D:7)
  A scorpion (D:10)
  3 wights
  10 killer bees
  3 howler monkeys
  A nameless horror (D:7)
  3 electric eels
  5 crimson imps
  2 bullfrog zombies
  2 lava snakes (Lair:1)
  5 hounds
  4 centaur skeletons
  14 orc priests
  A bullfrog skeleton (D:11)
  A jelly (D:8)
  25 orc wizards
  An iguana (D:5)
  8 worker ants
  2 hound skeletons
  2 hound zombies
  A howler monkey zombie (D:6)
  Robin (D:3)
  13 gnolls
  13 adders
  A shadow imp (D:6)
  3 oozes
  2 adder skeletons
  3 worms
  3 dart slugs
  3 leopard geckos
  101 orcs
  5 bats
  7 giant cockroaches
  20 goblins
  8 hobgoblins
  16 jackals
  4 quokkas
  5 ball pythons (D:2)
  6 frilled lizards
  15 kobolds
  2 leopard gecko skeletons
  A quokka zombie (D:6)
  9 rats
  9 fungi
  5 plants
555 creatures vanquished.

Vanquished Creatures (collateral kills)
  Saint Roka (Orc:2)
  A stone giant (Orc:2)
  Harold (D:7)
  Erolcha (Orc:1)
  2 hydras (Lair:6)
  3 death yaks (Lair:5)
  An orc knight (Orc:2)
  An ugly thing (D:11)
  A manticore (Lair:4)
  An orc sorcerer (Orc:2)
  4 spiny frogs
  2 rime drakes
  2 komodo dragons
  A polar bear (Lair:3)
  A tyrant leech (Lair:6)
  A troll (Orc:2)
  10 blink frogs
  Grum (Lair:1)
  4 yaks
  2 basilisks (Lair:4)
  2 vampire mosquitoes (Lair:6)
  3 water moccasins
  4 orc warriors
  An ice beast (D:8)
  2 wolves (Lair:2)
  3 crocodiles
  A nameless horror (Lair:6)
  6 bullfrogs
  2 killer bees
  3 wights
  2 electric eels (Lair:1)
  A bullfrog zombie (D:10)
  A crimson imp (D:10)
  3 orc priests
  3 orc wizards
  A basilisk zombie (Lair:3)
  A bullfrog skeleton (D:10)
  2 hounds (D:7)
  A killer bee zombie (D:9)
  2 gnolls (Orc:1)
  An adder (D:7)
  9 orcs
  A jackal (D:7)
  2 kobolds (D:7)
  A fungus (Lair:5)
99 creatures vanquished.

Vanquished Creatures (others)
  9 fungi
  31 plants
40 creatures vanquished.

Grand Total: 694 creatures vanquished

Notes
Turn   | Place    | Note
-------+----------+-------------------------------------------
     0 | D:1      | vurker the Demigod Ice Elementalist began the quest for the
                  | Orb.
     0 | D:1      | Reached XP level 1. HP: 14/14 MP: 5/5
   388 | D:1      | Reached XP level 2. HP: 22/22 MP: 5/7
   729 | D:1      | Reached skill level 4 in Ice Magic
  1235 | D:2      | Reached XP level 3. HP: 27/27 MP: 7/9
  1263 | D:2      | Learned a level 3 spell: Frozen Ramparts
  1308 | D:2      | Reached skill level 1 in Fighting
  1888 | D:2      | Reached XP level 4. HP: 35/35 MP: 6/11
  2231 | D:2      | Learned a level 4 spell: Hailstorm
  2501 | D:2      | Found a glowing golden altar of the Shining One.
  2791 | D:3      | Noticed Robin
  2830 | D:3      | Killed Robin
  3095 | D:3      | Found a snail-covered altar of Cheibriados.
  3246 | D:3      | Found a radiant altar of Vehumet.
  3256 | D:3      | Found a shimmering blue altar of Sif Muna.
  3256 | D:3      | Found an ancient bone altar of Kikubaaqudgha.
  3259 | D:3      | Identified Kikubaaqudgha's Incunabulum of Unholy Magic
  3862 | D:4      | Noticed an ogre
  3868 | D:4      | Killed an ogre
  3868 | D:4      | Reached XP level 5. HP: 41/41 MP: 7/13
  4039 | D:4      | Reached skill level 5 in Ice Magic
  4114 | D:4      | Found Vuteb's Weapon Emporium.
  4140 | D:4      | Reached XP level 6. HP: 48/48 MP: 7/14
  4983 | D:5      | Entered Level 5 of the Dungeon
  5005 | D:5      | Learned a level 4 spell: Summon Ice Beast
  5029 | D:5      | Reached XP level 7. HP: 52/57 MP: 12/17
  5080 | D:5      | Found an iron altar of Okawaru.
  5153 | D:5      | Reached skill level 6 in Ice Magic
  5561 | D:5      | Reached skill level 5 in Spellcasting
  5847 | D:5      | Reached XP level 8. HP: 45/66 MP: 15/19
  6352 | D:6      | Reached skill level 7 in Ice Magic
  7155 | D:6      | You fall into a shaft and drop 3 floors!
  7645 | D:8      | Found a glowing silver altar of Zin.
  7793 | D:8      | Found a stormy altar of Qazlal.
  7812 | D:8      | Found a bloodstained altar of Trog.
  8487 | D:7      | Reached skill level 8 in Ice Magic
  8723 | D:7      | Found a staircase to the Ecumenical Temple.
  8787 | D:7      | Reached XP level 9. HP: 61/73 MP: 14/23
  8798 | D:7      | Reached skill level 5 in Fighting
  8905 | D:7      | Noticed Dowan
  8905 | D:7      | Noticed Duvessa
  8925 | D:7      | Killed Dowan
  8926 | D:7      | Killed Duvessa
  9618 | D:7      | Noticed Pikel
  9625 | D:7      | Killed Pikel
  9625 | D:7      | Reached skill level 9 in Ice Magic
  9840 | D:7      | Noticed Harold
  9870 | D:7      | Killed Harold
 10533 | D:8      | Found a sacrificial altar of Ru.
 10697 | D:8      | Found a sparkling altar of Nemelex Xobeh.
 10792 | D:8      | Found an ornate altar of the Wu Jian Council.
 11007 | D:9      | Reached XP level 10. HP: 83/83 MP: 12/25
 11490 | D:9      | Found a shimmering altar of Xom.
 11691 | D:9      | Found a staircase to the Lair.
 12068 | D:10     | Entered Level 10 of the Dungeon
 12098 | D:10     | Reached skill level 10 in Ice Magic
 12314 | D:10     | Killed an unseen horror
 13431 | D:11     | Found a staircase to the Orcish Mines.
 13444 | D:11     | Noticed a white ugly thing
 13661 | D:11     | Killed a white ugly thing
 14243 | D:11     | Noticed a green ugly thing
 14259 | D:11     | Killed a green ugly thing
 15477 | Lair:1   | Entered Level 1 of the Lair of Beasts
 15564 | Lair:1   | Reached XP level 11. HP: 91/92 MP: 13/27
 15640 | Lair:1   | Reached skill level 5 in Dodging
 15787 | Lair:1   | Noticed Grum
 15868 | Lair:1   | Killed Grum
 16343 | Lair:1   | Reached skill level 1 in Shields
 16343 | Lair:1   | Reached skill level 11 in Ice Magic
 18847 | Lair:3   | Found a hole to the Spider Nest.
 19361 | Lair:3   | Noticed a necromancer
 19368 | Lair:3   | Killed a necromancer
 20187 | Lair:4   | Found a staircase to the Shoals.
 21203 | Lair:5   | Noticed a death yak
 21216 | Lair:5   | Killed a death yak
 21319 | Lair:5   | Noticed a death yak
 21320 | Lair:5   | Noticed a death yak
 21327 | Lair:5   | Killed a death yak
 21330 | Lair:5   | Killed a death yak
 21330 | Lair:5   | Reached XP level 12. HP: 60/101 MP: 17/29
 21619 | Lair:5   | Noticed Sonja
 21628 | Lair:5   | Killed Sonja
 21628 | Lair:5   | Reached skill level 12 in Ice Magic
 22659 | Lair:5   | Found a staircase to the Slime Pits.
 22659 | Lair:5   | Found a viscous altar of Jiyva.
 23199 | Lair:6   | Entered Level 6 of the Lair of Beasts
 23349 | Lair:6   | Reached skill level 5 in Shields
 23496 | Lair:6   | Noticed a four-headed hydra
 23674 | Lair:6   | Found a bloodstained altar of Trog.
 25354 | Lair:6   | Killed a four-headed hydra
 25559 | Lair:6   | Noticed an eight-headed hydra
 26144 | Lair:6   | Killed an eight-headed hydra
 26655 | Lair:6   | Reached XP level 13. HP: 105/110 MP: 22/31
 27243 | Lair:6   | Reached skill level 13 in Ice Magic
 27299 | Lair:6   | Got a shadowed robe
 27312 | Lair:6   | Identified the +2 robe "Yjas" {rC+ Dex+5 Slay-6} (You found
                  | it on level 6 of the Lair of Beasts)
 28809 | Orc:1    | Entered Level 1 of the Orcish Mines
 29015 | Orc:2    | Entered Level 2 of the Orcish Mines
 29145 | Orc:1    | Found a roughly hewn altar of Beogh.
 29495 | Orc:1    | Noticed Erolcha
 29499 | Orc:1    | Killed Erolcha
 29733 | Orc:1    | Reached skill level 1 in Long Blades
 30100 | Orc:2    | Noticed an orc warlord
 30131 | Orc:2    | Killed an orc warlord
 30284 | Orc:2    | Noticed Saint Roka
 30880 | Orc:2    | HP: 2/111 [Saint Roka/+1 halberd of protection (27)]
 30882 | Orc:2    | Killed Saint Roka
 30882 | Orc:2    | Reached skill level 10 in Spellcasting
 31667 | Orc:2    | Paralysed by an orc sorcerer for 3 turns
 31849 | Orc:2    | Found a roughly hewn altar of Beogh.
 31852 | Orc:2    | Found Utuokk's General Store.
 32043 | Orc:2    | Paralysed by an orc sorcerer for 6 turns
 32132 | Orc:2    | Found Kiferapn's Book Shoppe.
 32145 | Orc:2    | Bought a potion of resistance for 140 gold pieces
 32145 | Orc:2    | Bought a scroll of teleportation for 42 gold pieces
 32465 | Orc:2    | Noticed a stone giant
 32479 | Orc:2    | Killed a stone giant
 32628 | Orc:2    | Found a staircase to the Elven Halls.
 32631 | Orc:2    | Found a runed translucent gate.
 32631 | Orc:2    | Found a runed translucent gate.
 32634 | Orc:2    | Found a runed translucent gate.
 32639 | Orc:2    | Noticed PIKKUHERKKO's ghost (journeyman DsGl)
 32659 | Orc:2    | Found Jenaffui's Antique Armour Shoppe.
 32665 | Orc:2    | Bought a shiny helmet for 225 gold pieces
 32698 | Orc:2    | Found Utulipto's Antique Weapon Shoppe.
 33345 | D:12     | Found a hazy altar of Hepliaklqana.
 33586 | D:12     | Noticed Nergalle
 33588 | D:12     | Noticed Jorgrun
 33595 | D:12     | Killed Nergalle
 33618 | D:12     | Slain by Jorgrun

Illustrated notes

Levels and vault maps discovered:
D:1:      lightli_arrival_windingriver, layout_loops_ring,
          corexii_hall_statues_x, minmay_octomino_j4
D:2:      minmay_chambers_of_ones, layout_basic, nicolae_tso_swordbearing_angel,
          minmay_shallow_snake_nest
D:3:      layout_loops_ring, grunt_temple_overflow_magic_moments,
          old_standard_altar, uniq_robin
D:4:      layout_basic, serial_shops, shop_fountains, chequers_mini_garden
D:5:      layout_loops_corners, okawaru_trees_1, first_ration
D:6:      layout_loops_ring, minmay_pentangle
D:7:      layout_basic, minmay_temple_entry_hall, uniq_harold, uniq_pikel,
          uniq_duvessa
D:8:      layout_loops_corners, nicolae_overflow_quartered_altars,
          kennysheep_mini_moat, nicolae_ru_the_path_less_chosen
D:9:      layout_gridville, grunt_lair_entry_orc_guard_hut, basic_altar
D:10:     layout_small_grid
D:11:     layout_roguey, hiddenorc2_lemuel, gauntlet_entry_generic
D:12:     layout_roguey, basic_altar, uniq_jorgrun, uniq_nergalle,
          uniq_gastronok
Lair:1:   layout_gridlike, minmay_holes, serial_bayou_shore_b, uniq_grum
Lair:2:   layout_cave_pods, beast_lair_carwin_4
Lair:3:   pond_and_an_island_with_a_cottage, layout_gridlike,
          spider_nest_entry_a, lemuel_fruit_fields
Lair:4:   layout_cave_pods, minmay_shoals_entry_beasts, lemuel_fruit_fields
Lair:5:   layout_cave_pods, slime_altar_1, uniq_sonja
Lair:6:   minmay_lair_end_frog_pond, layout_regular_city, basic_altar,
          lookout_lair_type, serial_bayou_shore_a
Orc:1:    layout_diamond_mine, basic_altar, uniq_erolcha
Orc:2:    grunt_orc_cross, layout_caves, gammafunk_ghost_necromancy,
          special_room, uniq_saint_roka

Skill      XL: |  1  2  3  4  5  6  7  8  9 10 11 12 13 |
---------------+----------------------------------------+-----
Spellcasting   | 2 3 4 5 6 7 8 9 10 | 10.1
Ice Magic      | 4 5 6 8 9 10 11 12 13 | 13.6
Fighting       | 1 2 3 4 6 7 8 9 |  9.6
Dodging        | 3 4 7 8 |  8.7
Shields        | 3 6 8 |  8.4
Long Blades    | 3 |  3.9
Stealth        | |  1.7

Action                   |  1- 3 |  4- 6 |  7- 9 | 10-12 | 13-15 || total
-------------------------+-------+-------+-------+-------+-------++-------
Melee: Dagger            |    17 |   106 |   140 |   112 |    24 ||   399
       Staff             |       |       |    30 |    38 |       ||    68
       Demon blade       |       |       |       |       |   236 ||   236
 Cast: Freeze            |    63 |    27 |    50 |   212 |    57 ||   409
       Frozen Ramparts   |       |    13 |    33 |    47 |    23 ||   116
       Summon Ice Beast  |       |       |    20 |   101 |    47 ||   168
       Hailstorm         |       |       |    16 |   153 |    52 ||   221
Evoke: Wand              |       |       |       |     7 |     2 ||     9
  Use: Scroll            |       |    14 |     4 |    13 |     3 ||    34
       Potion            |       |       |       |     3 |     3 ||     6
 Stab: Sleeping          |     5 |     2 |     4 |     1 |     1 ||    13
       Distracted        |       |       |     2 |     3 |     4 ||     9
  Eat: Chunk             |     3 |    10 |    18 |    24 |    12 ||    67
       Ration            |       |       |       |     7 |     3 ||    10
Armor: Robe              |     9 |    17 |    38 |       |       ||    64
       Leather armour    |       |       |    26 |   128 |    39 ||   193
       Troll leather arm |       |       |       |       |    13 ||    13
Dodge: Dodged            |    34 |    75 |   158 |   363 |   241 ||   871
Block: Kite shield       |       |       |       |    78 |   183 ||   261
       Buckler           |       |       |       |    11 |       ||    11
       Rpst.: Demon blade |       |       |       |       |    55 ||    55

Table legend:
 A = Non-vault XP
 B = Vault XP
 C = Vault XP percentage of total XP
 D = Non-vault monster count
 E = Vault monster count
 F = Vault count percentage of total count
                 A         B        C        D         E       F
            +---------+---------+-------+---------+---------+-------
      Total |   40930 |   34556 |  45.8 |     446 |     190 |  29.9
            +---------+---------+-------+---------+---------+-------
        D:1 |      36 |       7 |  16.3 |      19 |       3 |  13.6
        D:2 |      77 |      32 |  29.4 |      28 |      11 |  28.2
        D:3 |      39 |      38 |  49.4 |      12 |      13 |  52.0
        D:4 |     590 |       0 |   0.0 |      30 |       0 |   0.0
        D:5 |     881 |       0 |   0.0 |      16 |       0 |   0.0
        D:6 |     666 |      14 |   2.1 |      22 |       1 |   4.3
        D:7 |    1326 |    1553 |  53.9 |      36 |       4 |  10.0
        D:8 |     772 |       0 |   0.0 |      24 |       0 |   0.0
        D:9 |     995 |     652 |  39.6 |      21 |       5 |  19.2
       D:10 |    1517 |       0 |   0.0 |      24 |       0 |   0.0
       D:11 |    3220 |     239 |   6.9 |      42 |      32 |  43.2
       D:12 |    4038 |     796 |  16.5 |      22 |       1 |   4.3
     Lair:1 |    1150 |     595 |  34.1 |       7 |       5 |  41.7
     Lair:2 |    2264 |     882 |  28.0 |      13 |       4 |  23.5
     Lair:3 |    2568 |     942 |  26.8 |      14 |       4 |  22.2
     Lair:4 |    2193 |     683 |  23.7 |      12 |       2 |  14.3
     Lair:5 |    8937 |    4385 |  32.9 |      28 |      17 |  37.8
     Lair:6 |    3775 |    9061 |  70.6 |      13 |      36 |  73.5
      Orc:1 |    1955 |     778 |  28.5 |      37 |       1 |   2.6
      Orc:2 |    3931 |   13899 |  78.0 |      26 |      51 |  66.2
            +---------+---------+-------+---------+---------+-------
